 Dungeon Crawl Stone Soup version 0.27-a0-366-g8badd94918 (webtiles) character file.

Game seed: 3763938144661206501

70690 rednaxela the Fencer (level 15, -8/162 HPs)
             Began as a Human Fighter on Feb 16, 2021.
             Was a High Priest of Elyvilon.
             Mangled by a red devil
             ... wielding a +0 trident
             ... led by a balrug
              (16 damage)
             ... on level 1 of the Abyss.
             The game lasted 01:28:08 (35483 turns).

rednaxela the Fencer (Human Fighter)               Turns: 35483, Time: 01:28:09

Health: -8/162     AC: 21    Str: 28    XL:     15   Next: 79%
Magic:  20/20      EV: 12    Int:  8    God:    Elyvilon [*****.]
Gold:   1493       SH:  0    Dex: 14    Spells: 14/14 levels left

rFire    + . .     SeeInvis .   a - +5 triple sword (freeze)
rCold    + . .     Faith    .   (shield currently unavailable)
rNeg     . . .     Spirit   .   p - +2 chain mail {rC+}
rPois    .         Reflect  .   h - +0 helmet
rElec    .         Harm     .   m - +2 cloak
rCorr    .         Rampage  .   s - +2 pair of gloves
Will     +....                  e - +0 pair of boots
Stlth    ..........             c - amulet of regeneration
HPRegen  1.37/turn              t - ring of protection from fire {=R}
MPRegen  0.17/turn              G - +6 ring of strength

@: mighty, berserking, very quick
A: no striking features
a: Renounce Religion, Lesser Healing, Heal Other, Purification, Greater Healing,
Divine Vigour, Divine Protection


You were on level 1 of the Abyss.
You worshipped Elyvilon.
Elyvilon was extremely pleased with you.
You visited 4 branches of the dungeon, and saw 21 of its levels.
You visited the Abyss 1 time.

You collected 1736 gold pieces.
You spent 243 gold pieces at shops.

Inventory:

Hand Weapons
 a - a +5 triple sword of freezing (weapon)
 b - a +0 scimitar of flaming
Armour
 e - a +0 pair of boots (worn)
 h - a +0 helmet (worn)
 m - a +2 cloak (worn)
 p - a +2 chain mail of cold resistance (worn)
 s - a +2 pair of gloves (worn)
Jewellery
 c - an amulet of regeneration (around neck)
 g - a ring of positive energy
 t - a ring of protection from fire (left hand) {=R}
 C - an amulet of guardian spirit
 G - a +6 ring of strength (right hand)
 H - the ring "Pujit" {+Fly rElec Int+2}
   (You found it on level 5 of the Lair of Beasts)

   [ring of flight]

   It affects your intelligence (+2).
   It insulates you from electricity.
   It lets you fly.
 I - an amulet of magic regeneration {unknown}
 P - a ring of protection from cold
Wands
 v - a wand of paralysis (11)
 w - a wand of flame (38)
 x - a wand of digging (17)
 F - a wand of random effects (13)
 L - a wand of charming (5)
 R - a wand of polymorph (17)
Scrolls
 f - 5 scrolls of enchant armour
 k - 6 scrolls of amnesia
 n - 8 scrolls of identify
 o - 8 scrolls of teleportation
 q - 2 scrolls of blinking
 y - 4 scrolls of magic mapping
 K - 3 scrolls of fog
 O - a scroll of summoning
Potions
 d - a potion of might
 i - 9 potions of flight
 j - 8 potions of curing
 l - 5 potions of lignification
 r - 4 potions of brilliance
 u - 6 potions of haste
 z - a potion of cancellation
 A - 2 potions of mutation
 E - 3 potions of heal wounds
 M - a potion of ambrosia
 N - a potion of magic {unknown}
Miscellaneous
 D - a box of beasts


   Skills:
 - Level 7.0 Fighting
 + Level 20.6 Long Blades
 - Level 7.0 Armour
 - Level 7.0 Dodging
 - Level 6.9 Shields
 - Level 7.3 Invocations


You had 14 spell levels left.
You didn't know any spells.
Your spell library contained the following spells:

 Spells                   Type           Power        Failure   Level
 Magic Dart               Conj           0%           91%         1
 Searing Ray              Conj           0%           97%         2
 Dazzling Flash           Conj/Hex       0%           99%         3
 Fulminant Prism          Conj/Hex       0%           100%        4
 Iskenderun's Mystic Bla  Conj/Tloc      0%           100%        4
 Summon Forest            Summ/Tloc      0%           100%        5
 Summon Mana Viper        Hex/Summ       0%           100%        5
 Shadow Creatures         Summ           N/A          100%        6
 Summon Hydra             Summ           0%           100%        7


Dungeon Overview and Level Annotations

Branches:
Dungeon (13/15)            Temple (1/1) D:6            Lair (6/6) D:11
 Shoals (0/4) Lair:4       Spider (0/4) Lair:4        Slime (0/5) Lair:6
    Orc (1/2) D:10         Vaults (0/5) D:13

Altars:
Ashenzari
Cheibriados
Dithmenos
Elyvilon
Fedhas
Gozag
Hepliaklqana
Kikubaaqudgha
Makhleb
Nemelex Xobeh
Okawaru
Qazlal
Ru
Sif Muna
Trog
Uskayaw
Vehumet
Wu Jian
Xom
Yredelemnul
Zin
The Shining One
Beogh
Jiyva

Shops:
D:11 (   D:12 [

Annotations:
D:7 4 runed translucent doors, Crazy Yiuf; Lobster4's ghost, novice DECj
D:8 2 transporters, Zonian's ghost, novice DsNe
D:11 3 runed translucent doors, Umoon's ghost, novice DsFi
Lair:6 1 runed translucent door, Totodit's ghost, journeyman GrEE
Orc:1 Erolcha


Message History

The balrug gestures at you. The bolt of fire misses you.
You feel very mighty all of a sudden.
You feel much better. The balrug gestures at you. The bolt of fire hits you!
You resist.
Okay, then.
You closely miss the balrug.
The balrug is lightly wounded.
The balrug hits you with a +2 demon whip of electrocution!
You are engulfed in flames!
You resist.
* * * LOW HITPOINT WARNING * * *
You are electrocuted!
* * * LOW HITPOINT WARNING * * *
A red film seems to cover your vision as you go berserk!
You feel yourself moving faster!
You feel mighty!
A fire bat comes into view.
The balrug hits you with a +2 demon whip of electrocution!
* * * LOW HITPOINT WARNING * * *
You are engulfed in flames!
You resist.
* * * LOW HITPOINT WARNING * * *
You are electrocuted!!
* * * LOW HITPOINT WARNING * * *
You slice the balrug!! You freeze the balrug.
The balrug is moderately wounded.
The balrug hits you but does no damage.
You are electrocuted!
* * * LOW HITPOINT WARNING * * *
You slice the balrug!! You freeze the balrug!
The balrug is almost dead.
The red devil barely misses you.
The balrug hits you with a +2 demon whip of electrocution!
* * * LOW HITPOINT WARNING * * *
You are engulfed in flames!
You resist.
* * * LOW HITPOINT WARNING * * *
You are electrocuted!
* * * LOW HITPOINT WARNING * * *
You slice the balrug!! You freeze the balrug!
You kill the balrug!
The red devil hits you from afar with a +0 trident!
You die...

## . .## .. #≈ #..#
.. .# .≈≈# ##..# ..
##.##≈≈ #..## .
..#.#. ≈## ##. # #b
. .#.#≈≈.# #.##
.##.#.###...§≈..####
.## #.......# #
≈.#..#.## #
#....@####≈#X4#. . #
.....#.#).##≈2#.
.X#.### .#. #...4#
§#.#.###....
#.#..5≈≈#.### .. .
#.##.≈≈..#. .#.## ..
##≈≈#.#.. # #. #..
≈≈##...# . ... # ♣..
.### .. .# #≈≈#...#
.#


You could see a red devil, a fire bat and an iron imp.

Vanquished Creatures
  A balrug (Abyss:1)
  An orc warlord (Orc:1)
  A green death (Abyss:1)
  A vault guard (D:13)
  Harold (D:9)
  7 hydras
  A boulder beetle (Lair:1)
  A centaur warrior (D:13)
  Erica (D:10)
  5 catoblepae
  A death knight (D:10)
  5 two-headed ogres
  3 death yaks
  A thrashing horror (Abyss:1)
  2 deep elf knights (D:10)
  Nergalle (Lair:1)
  A sixfirhy (Abyss:1)
  2 large abominations (Abyss:1)
  An unseen horror (D:13)
  3 lindwurms
  A shadow dragon zombie (Abyss:1)
  A deep elf pyromancer (D:7)
  4 orc knights
  2 manticores (Lair:6)
  An orc sorcerer (Orc:1)
  3 cyclopes
  A worldbinder (Abyss:1)
  2 guardian serpents
  A merfolk siren (Lair:4)
  2 centaur zombies
  A smoke demon (Abyss:1)
  6 elephants (Lair:3)
  Joseph (D:8)
  5 black mambas
  A torpor snail (Lair:6)
  3 gargoyles
  A centaur skeleton (D:11)
  Maggie (D:8)
  7 cane toads
  5 rime drakes
  9 komodo dragons
  An ancient zyme (Abyss:1)
  2 polar bears
  3 trolls
  A dream sheep (Lair:6)
  15 blink frogs
  A redback (Lair:4)
  4 water elementals (D:13)
  A wraith (D:10)
  63 yaks
  2 wyverns
  A steam dragon (Lair:4)
  4 basilisks
  Grum (D:11)
  2 wargs (Orc:1)
  A soldier ant (D:11)
  A small abomination (Abyss:1)
  10 water moccasins
  24 orc warriors
  A hornet zombie (D:5)
  6 sky beasts
  2 black bears
  An ice beast (D:4)
  10 ogres
  2 eyes of draining
  11 wolves
  5 centaurs
  5 phantoms
  2 kobold brigands
  An earth elemental (Abyss:1)
  15 bullfrogs
  A water moccasin zombie (D:8)
  9 scorpions
  17 killer bees
  18 wights
  A howler monkey (D:9)
  3 electric eels (D:13)
  A bullfrog zombie (D:10)
  4 starcursed masses (Abyss:1)
  2 quasits
  5 jellies
  2 bullfrog skeletons
  15 orc priests
  A gnoll shaman (D:7)
  5 hounds
  3 iguanas
  22 orc wizards
  10 worker ants
  A killer bee zombie (D:9)
  A hound zombie (D:11)
  A howler monkey zombie (D:11)
  A howler monkey skeleton (D:4)
  6 adders
  9 gnolls
  2 shadow imps
  2 white imps
  2 ufetubi
  An adder skeleton (D:5)
  2 worms
  3 dart slugs
  12 leopard geckos
  81 orcs
  5 giant cockroaches
  9 goblins
  5 hobgoblins
  15 jackals
  15 kobolds
  4 quokkas
  5 bats
  6 frilled lizards
  A jackal skeleton (D:5)
  A quokka skeleton (D:2)
  A quokka zombie (D:6)
  9 rats
615 creatures vanquished.

Vanquished Creatures (others)
  An orc warrior (D:10)
  An orc wizard (Orc:1)
  51 fungi
  44 plants
97 creatures vanquished.

Grand Total: 712 creatures vanquished

Notes
Turn   | Place    | Note
-------+----------+-------------------------------------------
     0 | D:1      | rednaxela the Human Fighter began the quest for the Orb.
     0 | D:1      | Reached XP level 1. HP: 18/18 MP: 1/1
   183 | D:1      | Reached XP level 2. HP: 23/24 MP: 2/2
   360 | D:1      | Reached skill level 3 in Long Blades
   694 | D:1      | Reached XP level 3. HP: 29/29 MP: 3/3
  1398 | D:2      | Reached XP level 4. HP: 23/35 MP: 4/4
  1699 | D:2      | Reached skill level 4 in Long Blades
  2599 | D:3      | Reached XP level 5. HP: 41/41 MP: 5/5
  2949 | D:3      | Reached skill level 5 in Long Blades
  3080 | D:3      | Found a broken altar of Ashenzari.
  3080 | D:3      | Found a white marble altar of Elyvilon.
  3099 | D:3      | Became a worshipper of Elyvilon the Healer
  3158 | D:3      | Found a snail-covered altar of Cheibriados.
  3194 | D:3      | Found a sacrificial altar of Ru.
  3588 | D:4      | Reached XP level 6. HP: 43/47 MP: 6/6
  3674 | D:4      | Reached skill level 6 in Long Blades
  3872 | D:4      | Reached * piety under Elyvilon
  4294 | D:5      | Entered Level 5 of the Dungeon
  4506 | D:5      | Noticed an ice beast
  4520 | D:4      | Killed an ice beast
  4521 | D:4      | Reached skill level 7 in Long Blades
  4521 | D:4      | Reached XP level 7. HP: 52/52 MP: 7/7
  4624 | D:5      | Reached ** piety under Elyvilon
  5153 | D:4      | Reached skill level 8 in Long Blades
  5299 | D:5      | Reached XP level 8. HP: 46/58 MP: 8/8
  5391 | D:5      | Reached skill level 9 in Long Blades
  6008 | D:5      | Reached skill level 10 in Long Blades
  6483 | D:5      | Reached XP level 9. HP: 63/63 MP: 9/9
  7072 | D:6      | Found a staircase to the Ecumenical Temple.
  7081 | Temple   | Entered the Ecumenical Temple
  7102 | D:6      | Reached skill level 11 in Long Blades
  7351 | D:6      | Reached *** piety under Elyvilon
  8648 | D:7      | Reached skill level 12 in Long Blades
  8889 | D:7      | You fall into a shaft and drop 2 floors!
  8926 | D:9      | Found a shadowy altar of Dithmenos.
  9338 | D:10     | Entered Level 10 of the Dungeon
  9342 | D:9      | Reached **** piety under Elyvilon
  9629 | D:8      | Noticed a two-headed ogre
  9722 | D:9      | Reached XP level 10. HP: 66/70 MP: 10/10
  9885 | D:9      | Reached skill level 13 in Long Blades
 10132 | D:9      | Found a sparkling altar of Nemelex Xobeh.
 10144 | D:9      | Noticed a two-headed ogre
 10209 | D:9      | Killed a two-headed ogre
 10782 | D:8      | Noticed Joseph
 10817 | D:8      | Killed Joseph
 10818 | D:8      | Reached skill level 14 in Long Blades
 10818 | D:8      | Reached skill level 1 in Invocations
 11053 | D:8      | Identified the -3 kite shield "Tafraur" {+Blink Str+4
                  | Int-2}
 11054 | D:8      | Noticed Zonian's ghost (novice DsNe)
 11061 | D:8      | Found an opulent altar of Gozag.
 11061 | D:8      | Noticed Harold
 11072 | D:8      | Identified the ring of Conversion {+Fly Str+2 Int-3 Dex+6}
 11269 | D:10     | Noticed a gargoyle
 11550 | D:9      | Killed a two-headed ogre
 11551 | D:9      | Reached skill level 5 in Invocations
 11551 | D:9      | Reached skill level 1 in Dodging
 12014 | D:7      | Found a runed translucent gate.
 12014 | D:7      | Noticed Lobster4's ghost (novice DECj)
 12015 | D:7      | Found a runed translucent gate.
 12015 | D:7      | Found a runed translucent gate.
 12105 | D:7      | Reached ***** piety under Elyvilon
 12301 | D:7      | Noticed a deep elf pyromancer
 12324 | D:7      | Killed a deep elf pyromancer
 12325 | D:7      | Reached XP level 11. HP: 40/75 MP: 11/14
 12523 | D:7      | Found a runed translucent door.
 12524 | D:7      | Noticed Crazy Yiuf
 13293 | D:8      | Found a blossoming altar of Fedhas.
 13379 | D:8      | Paralysed by Harold for 3 turns
 13387 | D:8      | Paralysed by Harold for 5 turns
 13403 | D:9      | Paralysed by Harold for 5 turns
 13435 | D:9      | Killed Harold
 13702 | D:8      | Found a radiant altar of Vehumet.
 13748 | D:8      | Found a transporter.
 13748 | D:8      | Found a transporter.
 14083 | D:8      | Found a glowing golden altar of the Shining One.
 14477 | D:8      | Found an ornate altar of the Wu Jian Council.
 14492 | D:8      | Noticed Maggie
 14498 | D:8      | Killed Maggie
 15526 | D:10     | Reached skill level 5 in Fighting
 15526 | D:10     | Reached skill level 5 in Armour
 15526 | D:10     | Reached skill level 5 in Dodging
 15526 | D:10     | Reached skill level 5 in Shields
 15574 | D:10     | Found a staircase to the Orcish Mines.
 15582 | D:10     | Found a roughly hewn altar of Beogh.
 16421 | D:11     | Found Mashomme's Weapon Shoppe.
 16845 | D:11     | Bought a +2 falchion of flaming for 243 gold pieces
 16896 | D:11     | Noticed a death knight
 17025 | D:11     | Noticed a two-headed ogre
 17064 | D:10     | Killed a two-headed ogre
 17608 | D:10     | Killed a death knight
 17609 | D:10     | Reached XP level 12. HP: 58/86 MP: 12/16
 18609 | D:11     | Noticed a yaktaur captain
 18609 | D:11     | Noticed Umoon's ghost (novice DsFi)
 18809 | D:11     | Found a runed translucent gate.
 18809 | D:11     | Found a runed translucent gate.
 18811 | D:11     | Found a runed translucent gate.
 18870 | D:11     | Found a staircase to the Lair.
 18921 | D:11     | Noticed a deep elf knight
 19334 | D:11     | Noticed Grum
 19423 | D:11     | Killed Grum
 19510 | D:11     | Noticed a +5 double sword
 19511 | D:11     | Noticed a deep elf knight
 20247 | D:10     | Killed a deep elf knight
 20323 | D:10     | Killed a deep elf knight
 20531 | Lair:1   | Entered Level 1 of the Lair of Beasts
 20564 | Lair:1   | Noticed Nergalle
 20719 | Lair:1   | Killed Nergalle
 21191 | Lair:1   | Noticed a boulder beetle
 21257 | Lair:1   | HP: 2/89 [boulder beetle (50)]
 21272 | Lair:1   | Killed a boulder beetle
 22095 | Lair:1   | Reached XP level 13. HP: 96/96 MP: 18/18
 22938 | Lair:2   | Noticed a five-headed hydra
 22950 | Lair:2   | Killed a one-headed hydra
 23127 | Lair:2   | Reached skill level 15 in Long Blades
 24003 | Lair:3   | Noticed a catoblepas
 24014 | Lair:3   | Killed a catoblepas
 24317 | Lair:3   | Noticed a five-headed hydra
 24331 | Lair:3   | Killed a one-headed hydra
 24385 | Lair:3   | Reached skill level 16 in Long Blades
 24398 | Lair:3   | Noticed a six-headed hydra
 24611 | Lair:3   | Killed a one-headed hydra
 25810 | Lair:4   | Noticed a catoblepas
 25838 | Lair:4   | Killed a catoblepas
 26174 | Lair:4   | Found a hole to the Spider Nest.
 26174 | Lair:4   | Noticed a catoblepas
 26187 | Lair:4   | Killed a catoblepas
 26188 | Lair:4   | Reached XP level 14. HP: 31/103 MP: 16/19
 26555 | Lair:4   | You fall into a shaft and drop 2 floors!
 26555 | Lair:6   | Entered Level 6 of the Lair of Beasts
 26555 | Lair:6   | Found a staircase to the Slime Pits.
 26555 | Lair:6   | Found a viscous altar of Jiyva.
 26555 | Lair:6   | Found a runed translucent door.
 26556 | Lair:6   | Noticed Totodit's ghost (journeyman GrEE)
 26714 | Lair:5   | Reached skill level 17 in Long Blades
 27725 | Lair:4   | Found a staircase to the Shoals.
 27905 | Lair:5   | Got a shimmering silver ring
 28416 | Lair:5   | Reached skill level 18 in Long Blades
 30416 | Lair:6   | Reached skill level 19 in Long Blades
 30441 | Lair:5   | Reached XP level 15. HP: 53/108 MP: 20/20
 30717 | Lair:6   | Found the +10 tower shield of Ignorance {rN+ Int-4}
 31322 | D:12     | Found Edwousko's Antique Armour Emporium.
 31462 | D:12     | Reached ****** piety under Elyvilon
 32426 | D:13     | Identified the ring "Pujit" {+Fly rElec Int+2} (You found
                  | it on level 5 of the Lair of Beasts)
 32901 | D:13     | Found a gate to the Vaults.
 33241 | Orc:1    | Entered Level 1 of the Orcish Mines
 33247 | Orc:1    | Noticed Erica
 33254 | Orc:1    | Paralysed by something for 7 turns
 33270 | D:10     | Killed Erica
 33271 | D:10     | Reached skill level 20 in Long Blades
 33758 | Orc:1    | Noticed an orc warlord
 33780 | Orc:1    | Killed an orc warlord
 34457 | Orc:1    | Paralysed by an orc sorcerer for 7 turns
 34834 | Orc:1    | Noticed Erolcha
 34835 | Orc:1    | Cast into level 1 of the Abyss (Erolcha)
 35320 | Abyss:1  | Paralysed by accursed screaming for 1 turns
 35328 | Abyss:1  | Paralysed by accursed screaming for 1 turns
 35435 | Abyss:1  | Noticed a balrug
 35482 | Abyss:1  | HP: 7/162 [balrug/+2 demon whip of electrocution (9)]
 35483 | Abyss:1  | Killed a balrug
 35483 | Abyss:1  | Mangled by a red devil

Illustrated notes

Levels and vault maps discovered:
D:1:      dpeg_arrival_lava_temple_mockup, layout_loops_ring, item_on_display_b
D:2:      layout_loops_corners
D:3:      layout_rooms, nicolae_ru_path_of_blood,
          chequers_temple_overflow_statue_of_worship,
          nicolae_overflow_hidden_temple
D:4:      layout_cave_pods
D:5:      layout_loops_ring
D:6:      layout_rooms, minmay_temple_entry_slanted, serial_co_window_serial,
          co_window_paths_a, co_window_paths_a, co_window_corner_a,
          co_window_paths_a, co_window_paths_a, co_window_cross_3,
          co_window_2corner, co_window_cross_2, co_window_of_opportunity_b,
          co_window_2corner, co_window_4corner_b, glass_columns_a,
          amcnicky_mini_pool_small, grunt_ministairs_11
D:7:      layout_basic, serial_rivers, chequers_serial_rivers_room_b,
          chequers_serial_rivers_small_3, chequers_serial_rivers_room_b,
          chequers_serial_rivers_micro_c, gammafunk_ghost_split,
          grunt_decor_resistance, guppyfry_early_elven_hall,
          uniq_crazy_yiuf_cottage
D:8:      layout_loops_ring, tso_altar, overflow_temple_1_default,
          kennysheep_mini_moat, nicolae_overflow_crystal_walls,
          gammafunk_ghost_gnarly_gnolls, fedhas_bush_and_centaur_altar,
          uniq_maggie, uniq_joseph, uniq_harold
D:9:      layout_basic, nicolae_dithmenos_the_darkroom, kennysheep_little_box,
          serial_rivers, chequers_serial_rivers_micro_a,
          chequers_serial_rivers_small_3, chequers_serial_rivers_micro_b,
          chequers_serial_rivers_small_a
D:10:     layout_cave_pools, minmay_orc_entry_temple_small,
          minmay_misc_feat_cross
D:11:     layout_big_octagon, lair_entry_dummy, gammafunk_ghost_split,
          serial_shops, shop_fountains, sword_in_stone, uniq_grum
D:12:     layout_cave_pools, serial_shops, shop, nrook_guardian_serpent_double
D:13:     layout_basic, david_vaults_5, serial_corexii_hall,
          corexii_hall_statues_i, corexii_hall_statues_deadend
Temple:   minmay_temple_bridge_abc
Lair:1:   layout_layer_cave, grunt_megastairs_2, infiniplex_staircase_pool,
          serial_bayou_shore_a, uniq_nergalle
Lair:2:   layout_regular_city
Lair:3:   layout_cave_pods, beast_lair_carwin_3
Lair:4:   layout_regular_city, elwin_shoals_entry_rooms, spider_nest_entry_webs
Lair:5:   layout_cellular_growth, lemuel_fruit_fields
Lair:6:   hangedman_lair_in_review, layout_long_grid, slime_altar_1,
          gammafunk_ghost_grave, infiniplex_staircase_pool_2
Orc:1:    orc_temple, layout_caves, uniq_erolcha, uniq_maurice, uniq_snorg,
          uniq_erica
Abyss:1:  base: D:5, abyss_greek_temple, hangedman_decor_lopped

Skill      XL: |  1  2  3  4  5  6  7  8  9 10 11 12 13 14 15 |
---------------+----------------------------------------------+-----
Long Blades    | 3 4 5 7 8 10 12 14 16 19 20 | 20.6
Invocations    | 5 7 |  7.3
Dodging        | 3 5 7 |  7.0
Fighting       | 5 7 |  7.0
Armour         | 5 7 |  7.0
Shields        | 5 6 |  6.9

Action                   |  1- 3 |  4- 6 |  7- 9 | 10-12 | 13-15 || total
-------------------------+-------+-------+-------+-------+-------++-------
Melee: Long sword        |    12 |    24 |    97 |    91 |    48 ||   272
       Dagger            |    82 |   142 |   411 |  1064 |       ||  1699
       Falchion          |       |       |    46 |   113 |       ||   159
       Scimitar          |       |       |       |    27 |       ||    27
       Triple sword      |       |       |       |    17 |   782 ||   799
Throw: Stone             |     4 |       |       |       |       ||     4
       Dart              |       |       |     1 |    11 |       ||    12
Invok: Lesser Healing    |       |       |     3 |     4 |       ||     7
       Greater Healing   |       |       |       |    19 |    10 ||    29
       Purification      |       |       |       |     1 |       ||     1
Evoke: Wand              |       |       |       |    17 |     1 ||    18
  Use: Scroll            |       |       |    16 |    13 |     9 ||    38
       Potion            |       |       |       |     4 |     5 ||     9
 Stab: Paralysed         |       |       |       |     5 |       ||     5
       Confused          |       |       |       |     1 |       ||     1
       Petrified         |       |       |       |       |     3 ||     3
       Petrifying        |       |       |       |       |     1 ||     1
Armor: Scale mail        |    25 |    16 |       |       |       ||    41
       Chain mail        |       |    68 |   298 |   566 |   411 ||  1343
       Skin              |       |       |       |     5 |       ||     5
Dodge: Dodged            |    20 |    34 |    70 |   283 |   466 ||   873
Block: Kite shield       |    34 |    74 |   202 |   528 |       ||   838
       Rpst.: Long sword |     2 |     1 |     5 |     6 |     2 ||    16
       Falchion          |       |       |     1 |     9 |       ||    10
       Scimitar          |       |       |       |     2 |       ||     2
       Triple sword      |       |       |       |     5 |   122 ||   127

Table legend: (Time is in decaauts)
 A = Elapsed time spent in this place.
 B = Non-inter-level travel time spent in this place.
 C = Inter-level travel time spent in this place.
 D = Time resting spent in this place.
 E = Time spent auto-exploring this place.
 F = Levels seen in this place.
 G = Mean time per level.
                   A        B        C        D        E       F      G
               +--------+--------+--------+--------+--------+-----+--------+
         Total |  35344 |  34152 |   1192 |   8516 |  18352 |  22 | 1606.5 |
       Dungeon |  22437 |  21538 |    899 |   5223 |  11182 |  13 | 1725.9 |
        Temple |    207 |    183 |     24 |      0 |    179 |   1 |  207.0 |
          Lair |  10511 |  10242 |    269 |   2198 |   6505 |   6 | 1751.8 |
  Orcish Mines |   1534 |   1534 |      0 |    843 |    474 |   1 | 1534.0 |
         Abyss |    652 |    652 |      0 |    252 |     12 |   1 |  652.0 |
               +--------+--------+--------+--------+--------+-----+--------+

Top non-repeatable levels by time:
    D:10: 3420 daAuts
     D:9: 3257 daAuts
  Lair:1: 2103 daAuts
  Lair:4: 2083 daAuts
  Lair:6: 2062 daAuts
    D:11: 2000 daAuts
     D:4: 1861 daAuts
     D:7: 1819 daAuts
     D:8: 1685 daAuts
     D:5: 1670 daAuts
   Orc:1: 1534 daAuts
  Lair:2: 1503 daAuts
  Lair:5: 1407 daAuts
     D:6: 1364 daAuts
    D:13: 1354 daAuts
